 Dungeon Crawl Stone Soup version 0.21-a0-142-gdd972a7 (webtiles) character file.

102 CanOfBees the Slasher (level 4, -2/41 HPs)
             Began as a Minotaur Monk on July 24, 2017.
             Killed by nerve-wracking pain
             ... invoked by Grinder
              (5 damage)
             ... while paralysed by Grinder
             ... on level 3 of the Dungeon.
             The game lasted 00:03:05 (1854 turns).

CanOfBees the Slasher (Minotaur Monk)               Turns: 1854, Time: 00:03:05

Health: -2/41      AC:  5    Str: 20    XL:     4   Next: 50%
Magic:  3/3        EV:  2    Int:  7    God:
Gold:   84         SH:  0    Dex: 14    Spells: 3/3 levels left

rFire    . . .     SeeInvis .   a - +0 falchion
rCold    . . .     Gourm    .   (no shield)
rNeg     . . .     Faith    .   l - +0 leather armour
rPois    +         Spirit   .   (helmet restricted)
rElec    .         Reflect  .   (no cloak)
rCorr    .         Harm     .   (no gloves)
MR       .....                  r - +1 pair of boots
Stlth    ++........             (no amulet)
HPRegen  0.13/turn              k - ring of poison resistance
MPRegen  0.08/turn              (no ring)

@: paralysed, mighty, flying
A: retaliatory headbutt, horns 2
a: no special abilities


You were on level 3 of the Dungeon.
You were not hungry.

You visited 1 branch of the dungeon, and saw 3 of its levels.

You collected 84 gold pieces.

Inventory:

Hand Weapons
 a - a +0 falchion (weapon)
 q - a +4 club
Missiles
 t - 3 tomahawks (quivered)
Armour
 l - a +0 leather armour (worn)
 r - a +1 pair of boots (worn)
Jewellery
 k - a ring of poison resistance (left hand)
Scrolls
 e - 2 scrolls of identify
 g - a scroll of teleportation {unknown}
 h - a scroll of recharging {unknown}
 i - a scroll of blinking {unknown}
 m - a scroll of fog {unknown}
 n - a scroll of enchant weapon {unknown}
 p - a scroll of magic mapping {unknown}
Potions
 f - 2 potions of curing
 o - a potion of mutation {unknown}
 s - a potion of ambrosia {unknown}
Comestibles
 c - a bread ration
 d - 4 chunks of flesh


   Skills:
 + Level 4.6 Fighting
 + Level 4.8 Long Blades
 + Level 4.3 Dodging
 - Level 1.5 Stealth


You had 3 spell levels left.
You didn't know any spells.

Dungeon Overview and Level Annotations

Branches:
Dungeon (3/15)

Altars:

Annotations:
D:3 Grinder


Innate Abilities, Weirdness & Mutations

You reflexively headbutt those who attack you in melee.
You have a pair of horns on your head.


Message History

* * * LOW HITPOINT WARNING * * *
You writhe in agony.
* * * LOW HITPOINT WARNING * * *
Grinder blinks!
You close the door.
As you read the scroll labeled HOTHEU ROTIR, it crumbles to dust.
It is a scroll of identify.
f - 2 potions of curing Grinder opens the door.
A giant cockroach comes into view.
It was a potion of flight.
You feel very buoyant.
You fly up into the air.
It was a potion of might.
You feel very mighty all of a sudden. Grinder gestures at you.
You suddenly lose the ability to move!
Grinder gestures at you. Pain shoots through your body!
You die...

#.......# #.......#
#)......# #.......#
#.......# #...s...#
#.......# #5#
#######@#####.#
..............#
#######.#######
...............
###########.#######
#.....^......#
#............#
#............######.
#.....#####.........


You could see Grinder and a giant cockroach.

Vanquished Creatures
  Jessica (D:2)
  2 oozes (D:1)
  A worm (D:2)
  2 dart slugs (D:1)
  2 leopard geckos
  4 orcs (D:3)
  2 giant cockroaches
  3 goblins (D:1)
  5 hobgoblins
  11 jackals
  A ball python (D:1)
  4 bats
  4 frilled lizards
  5 kobolds (D:1)
  7 rats
54 creatures vanquished.

Notes
Turn   | Place    | Note
-------+----------+-------------------------------------------
     0 | D:1      | CanOfBees the Minotaur Monk began the quest for the Orb.
     0 | D:1      | Reached XP level 1. HP: 19/19 MP: 0/0
    49 | D:1      | Reached XP level 2. HP: 27/27 MP: 1/1
   285 | D:1      | Reached XP level 3. HP: 26/33 MP: 2/2
  1352 | D:2      | Noticed Jessica
  1369 | D:2      | Killed Jessica
  1369 | D:2      | Reached XP level 4. HP: 34/41 MP: 3/3
  1841 | D:3      | Noticed Grinder
  1853 | D:3      | Paralysed by Grinder for 6 turns
  1854 | D:3      | Killed from afar by Grinder

Vault maps used:
D:1:      tarquinn_simple_flora_water_a
D:2:      st_stairs_12, kennysheep_nondescript, uniq_jessica
D:3:      grunt_temple_overflow_diamond, portal_sewer_entry_f, minmay_mini_jars,
          uniq_grinder

Skill      XL: |  1  2  3 |
---------------+----------+-----
Fighting       | 4 |  4.6
Long Blades    | 4 |  4.8
Dodging        | 4 |  4.3
Stealth        | |  1.5

Action                   |  1- 3 |  4- 6 || total
-------------------------+-------+-------++-------
Melee: Falchion          |    87 |    20 ||   107
       Headbutt          |    11 |     5 ||    16
       Club              |       |     2 ||     2
  Use: Potion            |       |     2 ||     2
       Scroll            |       |     1 ||     1
 Stab: Sleeping          |     1 |       ||     1
  Eat: Chunk             |     2 |     1 ||     3
Armor: Robe              |     8 |       ||     8
       Leather armour    |    16 |       ||    16
Dodge: Dodged            |    87 |    14 ||   101
       Rpst.: Falchion   |    27 |     3 ||    30
